Map: Ghost River LE

Players

Stats - Winner!

  • Race: Protoss Protoss
  • League: Master
  • Spawn Location: 1:00

trigger

  • Race: Protoss Protoss
  • League: Master
  • Spawn Location: 11:00

Event: Bellum Gens Elite Stara Zagora 2024

VOD

Have the link to the VOD?

Description

Time

  • Played on: Sept. 7, 2024, 9:12 a.m.
  • Length: 12:59

All games in this series

Show
View Real Time Build Order
Export as new Build Order

Stats Protoss - Winner!

Build Orders: Phoenix Opening 

Get SALT Encoding   

  12  0:00  Probe  
  13  0:12  Probe  
  14  0:17  Pylon  
  14  0:24  Probe (Chrono Boost)  
  15  0:36  Gateway, Probe (Chrono Boost)  
  16  0:44  Probe (Chrono Boost)  
  16  0:46  Assimilator  
  17  0:51  Probe  
  17  0:54  Assimilator  
  18  1:03  Probe (Chrono Boost)  
  19  1:14  Probe (Chrono Boost), Pylon  
  20  1:19  Probe (Chrono Boost)  
  20  1:25  Cybernetics Core  
  21  1:29  Probe  
  21  1:32  Zealot  
  24  1:41  Probe  
  25  2:00  Probe  
  26  2:02  Sentry, Warp Gate  
  28  2:09  Gateway  
  28  2:15  Robotics Facility, Pylon  
  28  2:31  Sentry  
  30  2:40  Shield Battery  
  30  2:41  Phoenix  
  29  2:51  Gateway  
  29  2:52  Gateway  
  29  2:54  Sentry  
  31  2:58  Shield Battery  
  31  2:59  Stalker  
  33  3:07  Shield Battery  
  35  3:20  Immortal (Chrono Boost)  
  37  3:28  Pylon  
  37  3:38  Shield Battery  
  37  3:41  Pylon  
  37  3:49  Immortal (Chrono Boost)  
  39  4:04  Cybernetics Core  
  39  4:18  Warp Prism (Chrono Boost)  
  39  4:22  Probe  
  42  4:43  Sentry, Adept x3  
  48  4:51  Observer  
  49  4:59  Pylon  
  49  5:18  Stalker x3  
  55  5:33  Stalker  
  55  5:35  Stargate  
  57  5:52  Immortal  
  61  6:09  Pylon  
  59  6:27  Phoenix (Chrono Boost)  
  59  6:29  Pylon  
  61  6:35  Adept  
  61  6:50  Phoenix (Chrono Boost)  
  61  6:52  Adept x2  
  67  6:56  Adept  
  67  6:58  Observer  
  69  7:06  Pylon  
  69  7:17  Phoenix  
  71  7:43  Phoenix  
  71  7:57  Nexus  
  71  7:58  Pylon  
  71  8:07  Phoenix (Chrono Boost)  
  73  8:18  Probe  
  74  8:24  Phoenix (Chrono Boost)  
  74  8:30  Probe  
  75  8:41  Shield Battery  
  75  8:43  Probe  
  75  8:47  Phoenix (Chrono Boost)  
  78  8:58  Probe  
  78  9:01  Sentry  
  78  9:02  Sentry  
  83  9:13  Phoenix  
  85  9:30  Probe x2  
  84  9:38  Phoenix (Chrono Boost)  
  84  9:42  Probe x2  
  88  9:48  Shield Battery  
  88  9:55  Probe x2  
  90  10:13  Immortal  
  94  10:21  Phoenix  
  92  10:24  Probe x2  
  92  10:28  Assimilator  
  94  10:29  Assimilator  
  94  10:30  Pylon  
  94  10:31  Twilight Council  
  94  10:40  Probe x2  
  94  10:59  Immortal  
  94  11:02  Adept x2  
  94  11:03  Adept x2  
  106  11:12  Resonating Glaives (Chrono Boost)  
  106  11:13  Probe x2  
  106  11:16  Pylon  
  108  11:34  Adept x2  
  103  11:50  Phoenix  
  105  12:02  Probe x2  
  105  12:03  Warp Prism  
  105  12:04  Adept  
  105  12:05  Adept x3  
  117  12:25  Pylon  
  117  12:26  Pylon  
  111  12:51  Adept x2  
Show
View Real Time Build Order
Export as new Build Order

trigger Protoss 

Build Orders:  

Get SALT Encoding   

  12  0:00  Probe  
  13  0:12  Probe  
  14  0:17  Pylon  
  14  0:24  Probe (Chrono Boost)  
  16  0:36  Probe (Chrono Boost)  
  16  0:37  Gateway  
  16  0:42  Probe (Chrono Boost)  
  16  0:45  Assimilator  
  17  0:51  Probe  
  17  0:54  Assimilator  
  18  1:03  Probe (Chrono Boost)  
  19  1:06  Gateway  
  20  1:12  Probe (Chrono Boost)  
  20  1:17  Probe (Chrono Boost)  
  20  1:24  Cybernetics Core  
  21  1:29  Probe  
  22  1:34  Pylon  
  22  1:41  Probe  
  24  2:00  Adept x2, Warp Gate  
  28  2:04  Robotics Facility  
  27  2:14  Pylon  
  27  2:34  Stalker x2  
  31  2:48  Immortal (Chrono Boost)  
  34  2:54  Gateway  
  34  3:01  Pylon  
  34  3:04  Sentry  
  36  3:17  Warp Prism (Chrono Boost)  
  38  3:54  Immortal  
  38  4:03  Sentry  
  38  4:04  Stalker x2  
  44  4:22  Pylon  
  44  4:34  Stargate  
  44  4:39  Adept  
  44  4:42  Adept x2  
  50  4:51  Pylon  
  50  4:58  Immortal  
  52  5:18  Adept x3  
  58  5:21  Phoenix (Chrono Boost)  
  58  5:38  Phoenix (Chrono Boost)  
  58  5:40  Pylon  
  60  5:57  Pylon  
  58  6:06  Phoenix  
  60  6:11  Pylon  
  60  6:23  Stalker x3  
  62  6:50  Adept x3  
  68  6:59  Phoenix (Chrono Boost)  
  66  7:17  Phoenix (Chrono Boost)  
  66  7:39  Phoenix  
  66  7:45  Adept  
  66  7:46  Adept x2  
  72  8:03  Phoenix (Chrono Boost)  
  74  8:10  Adept x2  
  74  8:12  Pylon  
  72  8:35  Stalker, Adept x2  
  77  8:57  Nexus  
  77  9:03  Sentry  
  79  9:12  Shield Battery  
  75  9:44  Stalker x2  
  79  9:46  Sentry  
  81  9:59  Probe (Chrono Boost)  
  76  10:09  Probe (Chrono Boost)  
  73  10:23  Probe (Chrono Boost)  
  73  10:24  Probe (Chrono Boost)  
  75  10:28  Sentry x3  
  75  10:33  Probe (Chrono Boost)  
  82  10:37  Probe (Chrono Boost)  
  80  10:50  Probe (Chrono Boost)  
  81  10:57  Probe (Chrono Boost)  
  81  11:00  Probe (Chrono Boost)  
  81  11:03  Probe  
  82  11:10  Probe (Chrono Boost)  
  85  11:18  Probe (Chrono Boost)  
  85  11:22  Probe (Chrono Boost)  
  84  11:26  Stalker  
  74  11:41  Probe (Chrono Boost)  
  68  11:50  Probe (Chrono Boost)  
  70  11:58  Probe (Chrono Boost)  
  70  12:00  Probe (Chrono Boost)  
  68  12:01  Stalker  
  68  12:02  Stalker  
  68  12:04  Probe (Chrono Boost)  
  73  12:16  Probe  
  73  12:17  Stalker  
  75  12:26  Sentry x2  
  79  12:31  Probe  
  79  12:32  Probe  
  81  12:40  Stalker  
Tags
 
Add a new tag
Caveats
  • Supply blocks, unpowered buildings, or Contaminate may cause inaccurate times.
  • Supply counts are checked every 10 seconds.